 Dungeon Crawl Stone Soup version 0.29.1-1-gd02db6906a (webtiles) character file.

Game seed: 1674211328077665284

88 mortz the Digger (level 4, 0/24 HPs)
             Began as a Kobold Earth Elementalist on Oct 12, 2022.
             Succumbed to a kobold's poison
             ... on level 2 of the Dungeon on Oct 13, 2022.
             The game lasted 00:08:39 (1923 turns).

mortz the Digger (Kobold Earth Elementalist)        Turns: 1923, Time: 00:08:40

Health: 0/24       AC:  2    Str:  4 (5)  XL:     4   Next: 81%
Magic:  2/8        EV: 14    Int: 17 (18) God:
Gold:   95         SH:  0    Dex: 13 (15) Spells: 6/9 levels left

rFire   + . .      SeeInvis .   f - +0 dagger
rCold   + . .      Faith    .   (no shield)
rNeg    . . .      Spirit   .   a - +0 robe
rPois   +          Reflect  .   (no helmet)
rElec   +          Harm     .   (no cloak)
rCorr   +          Rampage  .   (no gloves)
Will    .....                   (no boots)
Stlth   +++.......              (no amulet)
HPRegen 0.08/turn               p - ring of wizardry
MPRegen 0.11/turn               (no ring)

@: lethally poisoned (0 -> -2), resistant, attractive
A: small, no large weapons, nightstalker 3
a: no special abilities


You were on level 2 of the Dungeon.
You visited 1 branch of the dungeon, and saw 2 of its levels.

You collected 95 gold pieces.

Inventory:

Hand Weapons
 b - a +0 dagger
 e - a +0 short sword
 f - a +0 dagger (weapon)
 g - a +0 dagger
 m - a +0 war axe
Missiles
 h - a throwing net (quivered)
Armour
 a - a +0 robe (worn)
 c - a +0 kite shield
 l - a +0 leather armour
 o - a +0 leather armour of cold resistance
Jewellery
 p - a ring of wizardry (left hand)
Scrolls
 k - a scroll of immolation {unknown}
 n - a scroll of teleportation
 q - a scroll of identify {unknown}
Potions
 r - a potion of berserk rage {unknown}


   Skills:
 - Level 2.6 Dodging
 + Level 3.6 Stealth
 + Level 3.1 Spellcasting
 * Level 1.9 Transmutations
 + Level 3.8 Earth Magic


You had 6 spell levels left.
You knew the following spells:

 Your Spells              Type           Power      Damage    Failure   Level
a - Sandblast             Erth           30%        2d9       1%          1
b - Passwall              Tmut/Erth      10%        N/A       3%          2

Your spell library contained the following spells:

 Spells                   Type           Power      Damage    Failure   Level
 Magic Dart               Conj           8%         1d3       7%          1
 Necrotise                Necr           8%         1d4       7%          1
 Stone Arrow              Conj/Erth      18%        3d8       10%         3
 Ensorcelled Hibernation  Hex/Ice        4%         N/A       11%         2
 Searing Ray              Conj           4%         2d4       11%         2
 Swiftness                Air            2%         N/A       21%         3
 Vampiric Draining        Necr           2%         2d6       21%         3
 Petrify                  Tmut/Erth      12%        N/A       21%         4
 Cause Fear               Hex            1%         N/A       52%         4
 Fulminant Prism          Conj/Hex       1%         3d6       52%         4
 Agony                    Necr           2%         N/A       86%         5
 Dragon Form              Tmut           4%         N/A       100%        7
 Dragon's Call            Summ           1%         N/A       100%        9


Dungeon Overview and Level Annotations

Branches:
Dungeon (2/15) Zot: 10048

Altars:
Xom


Innate Abilities, Weirdness & Mutations

You are small and have problems with some larger weapons.
You are completely attuned to the shadows.


Message History

The blast of sand misses the kobold.
You feel sick. The kobold closely misses you. The kobold misses you.
The blast of sand misses the kobold.
You feel sick. The kobold closely misses you.
The blast of sand hits the kobold but does no damage.
You feel sick. The kobold barely misses you.
The kobold hits you with a +0 whip of venom.
The blast of sand hits the kobold but does no damage.
You feel sick. The kobold closely misses you.
You feel sick.
You are no longer poisoned.
The kobold attacks as you move away!
The kobold hits you with a +0 whip of venom.
You are lethally poisoned!
* * * LOW HITPOINT WARNING * * *
You feel sick.
Unknown command.
Throw: 2 throwing nets
Press: ? - help, Q - select action, (/) - cycle Shift-Dir - straight line, f/p - kobold
Aim: a kobold, wielding a +0 whip of venom and wearing a +2 ring mail of cold resistance (53% to hit)
You throw a throwing net. The throwing net hits the kobold.
The kobold is caught in the net!
* * * LOW HITPOINT WARNING * * *
You feel sick.
The kobold struggles against the net.
* * * LOW HITPOINT WARNING * * *
You feel sick.
The kobold struggles against the net.
* * * LOW HITPOINT WARNING * * *
You feel sick.
The kobold struggles against the net.
It was a potion of degeneration.
There was something very wrong with that liquid.
You feel weakened.
You feel dopey.
You feel clumsy.
* * * LOW HITPOINT WARNING * * *
You feel sick.
The kobold struggles against the net.
It was a potion of resistance.
You feel protected.
* * * LOW HITPOINT WARNING * * *
You feel sick.
The kobold struggles against the net.
It was a potion of attraction.
You feel attractive to monsters.
You die...

#.# #.###.# ###..## ##### #.#
#.....##### #...#####...# ..#
##........# #.........#.#
.#####).#####.#####....######.###
.# #....# #...........##....h..
.###.##.# ###....#....##...†...
.....##.# #....#.....#.......
........#############.#..#.......
##.##.###.....##@................
#...#.##.....K..........#........
.._.....................#........
#...#............................
##[##..................##........
.......................###.......
.......................# #.....##
.(.....................###.....#
...............................#


You could see a kobold (caught).

Vanquished Creatures
  2 gnolls
  An adder (D:2)
  A dart slug (D:2)
  3 bats (D:1)
  4 endoplasms
  A giant cockroach (D:2)
  7 goblins
  5 hobgoblins
  7 jackals
  4 quokkas
  8 ball pythons
  3 frilled lizards
  2 kobolds (D:1)
  4 rats
52 creatures vanquished.

Notes
Turn   | Place    | Note
-------+----------+-------------------------------------------
     0 | D:1      | mortz the Kobold Earth Elementalist began the quest for the
                  | Orb.
     0 | D:1      | Reached XP level 1. HP: 10/10 MP: 3/3
   278 | D:1      | Reached XP level 2. HP: 15/15 MP: 5/5
   281 | D:1      | Learned a level 2 spell: Passwall
   600 | D:1      | Reached XP level 3. HP: 19/19 MP: 3/6
   977 | D:2      | Found a faded altar of an unknown god.
  1121 | D:2      | Found a shimmering altar of Xom.
  1157 | D:2      | Reached XP level 4. HP: 24/24 MP: 3/8
  1922 | D:2      | HP: 1/24 [poisoned by a kobold]
  1923 | D:2      | Succumbed to a kobold's poison

Illustrated notes

Levels and vault maps discovered:
D:1:      minmay_arrival_four_loops, layout_loops_ring, minmay_unequal
D:2:      layout_rooms, ebering_ecumenical_altar_box, basic_altar,
          minmay_tripent

Skill      XL: |  1  2  3  4 |
---------------+-------------+-----
Stealth        | 3 |  3.6
Spellcasting   | 3 |  3.1
Dodging        | |  2.6
Transmutations | |  1.9
Earth Magic    | |  3.8

Action                   |  1- 3 |  4- 6 || total
-------------------------+-------+-------++-------
Melee: Dagger            |    15 |     4 ||    19
Throw: Throwing net      |       |     1 ||     1
 Cast: Sandblast         |    31 |    26 ||    57
  Use: Potion            |     1 |     3 ||     4
       Scroll            |     2 |       ||     2
 Stab: Sleeping          |    10 |     4 ||    14
Armor: Robe              |     2 |     1 ||     3
Dodge: Dodged            |    23 |    14 ||    37
